 Dungeon Crawl Stone Soup version 0.30-a0-242-g7bf8e6d787 (webtiles) character file.

Game seed: 3950431252450421771

57477 purpskrrrp the Brawler (level 14, -14/137 HPs)
             Began as a Troll Summoner on Oct 11, 2022.
             Was the Champion of Cheibriados.
             Demolished by Rupert
             ... wielding a +4 battleaxe of flaming
              (24 damage)
             ... on level 5 of the Lair of Beasts.
             The game lasted 01:28:52 (18714 turns).

purpskrrrp the Brawler (Troll Summoner)            Turns: 18714, Time: 01:28:52

Health: -14/137    AC:  7    Str: 42    XL:     14   Next: 45%
Magic:  13/23      EV: 32    Int: 26    God:    Cheibriados [******]
Gold:   1785       SH:  0    Dex: 25    Spells: 8/27 levels left

rFire   + . .      SeeInvis .      - Unarmed
rCold   + + .      Faith    .    (no shield)
rNeg    + . .      Spirit   .    U - +1 troll leather armour
rPois   .          Reflect  .    (helmet restricted)
rElec   +          Harm     .    (no cloak)
rCorr   +          Rampage  .    (gloves unavailable)
Will    +....                    (boots unavailable)
Stlth   ++........               S - amulet of Skepticism {Acrobat rF+ rC++ rCorr}
HPRegen 2.02/turn                g - ring "Lungiom" {Wiz rN+}
MPRegen 0.18/turn                C - ring of Sol Ufin {rElec Str+6}

@: on berserk cooldown, acrobatic, slowed, very slow
A: large, unfitting armour, claws 3, regeneration 1, shaggy fur 1, tough skin 1,
talons 1, weak 1, sturdy frame 1
a: Renounce Religion, Bend Time, Temporal Distortion, Slouch, Step From Time


You were on level 5 of the Lair of Beasts.
You worshipped Cheibriados.
Cheibriados was exalted by your worship.
You visited 2 branches of the dungeon, and saw 18 of its levels.
You also visited: Sewer and Volcano.

You collected 1785 gold pieces.

Inventory:

Hand Weapons
 v - a +1 hammer of holy wrath
 Y - a +4 demon blade of electrocution
Missiles
 t - 3 throwing nets
Armour
 e - a +1 robe of willpower
 U - a +1 troll leather armour (worn)
Magical Staves
 o - a staff of conjuration
Jewellery
 g - the ring "Lungiom" (left claw) {Wiz rN+}
   (You acquired it on level 5 of the Dungeon)

   [ring of wizardry]

   It improves your spell success rate.
   rN:        It protects you from negative energy.
 l - a +4 ring of slaying
 x - an amulet of faith
 C - the ring of Sol Ufin (right claw) {rElec Str+6}
   (You acquired it on level 5 of the Dungeon)

   [ring of strength]

   Str:       It affects your strength (+6).
   rElec:     It insulates you from electricity.
 L - a +4 ring of protection
 O - a +6 ring of strength
 Q - a ring of willpower
 S - the amulet of Skepticism (around neck) {Acrobat rF+ rC++ rCorr}
   (You found it on level 10 of the Dungeon)

   [amulet of the acrobat]

   It increases your evasion while moving and waiting.
   rF:        It protects you from fire.
   rC:        It greatly protects you from cold.
   rCorr:     It protects you from acid and corrosion.
 V - an amulet of reflection
 X - a ring of poison resistance
Wands
 k - a wand of mindburst (7)
 s - a wand of paralysis (13)
 w - a wand of digging (8)
 y - a wand of quicksilver (11)
 F - a wand of polymorph (17)
 I - a wand of flame (30)
 P - a wand of iceblast (10)
Scrolls
 a - a scroll of fear
 c - 7 scrolls of teleportation
 h - a scroll of immolation
 i - a scroll of poison
 j - 2 scrolls of magic mapping
 n - 3 scrolls of amnesia
 q - a scroll of enchant weapon {unknown}
 z - a scroll of blinking
 J - 2 scrolls of fog
 M - 2 scrolls of silence
Potions
 b - a potion of magic
 d - 13 potions of curing
 f - a potion of flight
 m - a potion of mutation
 p - 5 potions of heal wounds
 r - 2 potions of invisibility
 u - 3 potions of lignification
 A - 3 potions of brilliance
 G - 2 potions of might
 R - 3 potions of attraction
 T - 6 potions of ambrosia
 Z - a potion of resistance


   Skills:
 + Level 8.9 Fighting
 + Level 9.1 Dodging
 - Level 1.0 Stealth
 * Level 15.0 Unarmed Combat
 + Level 7.0 Spellcasting
 + Level 8.8 Summonings


You had 8 spell levels left.
You knew the following spells:

 Your Spells              Type           Power      Damage    Failure   Level
a - Summon Small Mammal   Summ           100%       N/A       1%          1
b - Call Imp              Summ           53%        N/A       1%          2
c - Call Canine Familiar  Summ           53%        N/A       1%          3
d - Summon Guardian Gole  Hex/Summ       32%        N/A       1%          3
e - Summon Lightning Spi  Summ/Air       32%        N/A       4%          4
f - Summon Cactus Giant   Summ           26%        N/A       11%         6

Your spell library contained the following spells:

 Spells                   Type           Power      Damage    Failure   Level
 Magic Dart               Conj           36%        1d4       2%          1
 Shock                    Conj/Air       36%        1d5       2%          1
 Blink                    Tloc           18%        N/A       4%          2
 Momentum Strike          Conj/Tloc      18%        3d8       4%          2
 Scorch                   Fire           18%        2d5       4%          2
 Gell's Gravitas          Tloc           9%         N/A       8%          3
 Ignite Poison            Fire/Tmut/Pois 9%         N/A       8%          3
 Kindle Blastsparks       Fire/Tloc/Air  18%        2d11      8%          3
 Lesser Beckoning         Tloc           18%        N/A       8%          3
 Mephitic Cloud           Conj/Pois/Air  9%         N/A       8%          3
 Swiftness                Air            9%         N/A       8%          3
 Teleport Other           Tloc           9%         N/A       8%          3
 Airstrike                Air            4%         2d(1-17)  24%         4
 Animate Dead             Necr           9%         N/A       24%         4
 Flame Wave               Conj/Fire      9%         2d6       24%         4
 Fulminant Prism          Conj/Hex       4%         3d6       24%         4
 Iskenderun's Mystic Bla  Conj/Tloc      9%         2d4       24%         4
 Manifold Assault         Tloc           9%         N/A       24%         4
 Petrify                  Tmut/Erth      9%         N/A       24%         4
 Borgnjor's Vile Clutch   Necr/Erth      4%         N/A       52%         5
 Lee's Rapid Deconstruct  Erth           4%         3d6*      52%         5
 Haunt                    Necr/Summ      16%        N/A       96%         7
 Spellforged Servitor     Conj/Summ      16%        N/A       96%         7
 Conjure Ball Lightning   Conj/Air       4%         3x3d6     97%         6
 Dispersal                Tloc           4%         N/A       97%         6
 Orb of Destruction       Conj           4%         9d5       100%        7
 Discord                  Hex            4%         N/A       100%        8
 Disjunction              Tloc           4%         N/A       100%        8
 Infestation              Necr           4%         N/A       100%        8


Dungeon Overview and Level Annotations

Branches:
Dungeon (13/15)            Temple (0/1) D:7            Lair (5/5) D:11
 Shoals (0/4) Lair:3       Spider (0/4) Lair:2          Orc (0/2) D:9
  Sewer (visited)         Volcano (visited)
  Slime: Lair:4-5    Vaults: D:13-14

Altars:
Cheibriados
Dithmenos
Elyvilon
Fedhas
Hepliaklqana
Nemelex Xobeh
Okawaru
Qazlal
Vehumet
Wu Jian
Yredelemnul

Annotations:
D:4 Blork the orc
D:11 3 runed translucent doors, purpskrrrp's ghost, journeyman TrFi
Lair:5 Rupert


Innate Abilities, Weirdness & Mutations

You are too large for most types of armour.
You have claws for hands.
Your natural rate of healing is unusually fast.
You are covered in fur. (AC +1)
You have tough skin. (AC +1)
You have sharp toenails.
You are weak. (Str -2)
Your movements are slightly less encumbered by armour. (ER -2)


Message History

Rupert hits you with a +4 battleaxe of flaming!!
Rupert burns you.
You scratch Rupert.
Rupert is heavily wounded.
Rupert hits you with a +4 battleaxe of flaming!!
* * * LOW HITPOINT WARNING * * *
Rupert burns you.
* * * LOW HITPOINT WARNING * * *
You closely miss Rupert. Your kick misses Rupert.
Rupert is heavily wounded.
Rupert hits you with a +4 battleaxe of flaming!
* * * LOW HITPOINT WARNING * * *
Rupert burns you.
* * * LOW HITPOINT WARNING * * *
You eviscerate Rupert!!!
Rupert is severely wounded.
You hear a roar!
Rupert hits you with a +4 battleaxe of flaming!!
* * * LOW HITPOINT WARNING * * *
Rupert burns you.
* * * LOW HITPOINT WARNING * * *
You hear a roar!
Rupert closely misses you.
Rupert hits your lightning spire with a +4 battleaxe of flaming!
Your lightning spire shoots out a bolt of lightning at Rupert!
The bolt of electricity hits Rupert!
Rupert barely misses your lightning spire.
Rupert completely misses you.
You hear a roar!
You feel a strong urge to attack something.
You are no longer berserk.
You are exhausted.
You feel yourself slow down.
You hear a roar!
Rupert hits your lightning spire with a +4 battleaxe of flaming!!
Your lightning spire is destroyed!
Your lightning spire disappears in a puff of smoke!
Rupert rages.
Rupert hits you with a +4 battleaxe of flaming!!
You die...

♣ ♣♣ ♣♣.
♣♣♣$♣ ♣...
♣@..♣
....♣♣♣@.§♣♣
......♣♣...♣
♣......♣
♣♣.....♣
♣♣..♣♣♣♣♣
♣...♣ ...♣
♣♣..♣ ...
♣♣♣♣♣ ♣♣.♣#


You could see Rupert (berserk).

Vanquished Creatures
  A stone giant (Volcano)
  3 hydras
  A centaur warrior (D:13)
  2 boulder beetles
  A thrashing horror (Lair:5)
  A skeletal warrior (D:10)
  A deep elf pyromancer (D:8)
  A cyclops (D:12)
  A manticore (D:11)
  A black mamba (Lair:4)
  The ghost of bande the Trooper, a novice GrFi (D:5)
  19 elephants
  2 molten gargoyles (Volcano)
  10 cane toads
  A smoke demon (Lair:5)
  Maggie (D:10)
  3 rime drakes
  An efreet (Volcano)
  8 komodo dragons
  2 trolls
  Grinder (Sewer)
  An ancient zyme (Lair:5)
  2 polar bears
  8 blink frogs
  4 dream sheep (Lair:3)
  3 spriggans (Lair:3)
  4 slime creatures (D:12)
  5 small abominations (Lair:5)
  A shadow (D:10)
  A vampire (D:11)
  10 wyverns
  5 basilisks
  3 wraiths
  23 yaks
  A fire elemental (Volcano)
  A fire bat (Volcano)
  A steam dragon (Lair:1)
  A redback (Lair:2)
  An acid dragon (D:10)
  13 water moccasins
  Duvessa (D:5)
  7 orc warriors
  2 sky beasts
  2 ice beasts
  2 hornet zombies
  4 black bears
  14 wolves
  3 centaurs
  An ogre (D:5)
  A nameless horror (D:12)
  6 phantoms
  6 necrophages
  2 kobold brigands
  12 bullfrogs
  A wyvern zombie (D:5)
  3 scorpions
  2 earth elementals (Volcano)
  A wyvern skeleton (D:6)
  6 wights
  13 killer bees
  6 electric eels
  3 howler monkeys
  A bullfrog zombie (D:6)
  2 lava snakes (Volcano)
  2 centaur zombies (D:6)
  3 hounds
  8 orc priests
  Crazy Yiuf (D:4)
  2 bullfrog skeletons (D:6)
  A centaur skeleton (D:6)
  Ijyb (D:5)
  5 iguanas
  5 orc wizards
  3 hell rats (Lair:5)
  3 killer bee zombies (D:6)
  2 ogre zombies (D:9)
  A howler monkey skeleton (D:5)
  4 adders
  A river rat (D:3)
  4 shadow imps
  2 white imps (D:8)
  11 ufetubi
  2 worms
  4 dart slugs
  35 orcs
  8 endoplasms
  5 giant cockroaches
  6 goblins
  8 hobgoblins
  2 jackals (D:2)
  29 kobolds
  2 quokkas
  5 ball pythons
  3 bats
  2 frilled lizards (D:3)
  2 goblin zombies (D:9)
  A hobgoblin zombie (D:9)
  6 orc zombies (D:9)
  4 rats
  A plant (Lair:3)
435 creatures vanquished.

Vanquished Creatures (collateral kills)
  A boulder beetle (Lair:2)
  A hydra (Lair:5)
  A two-headed ogre (D:11)
  Urug (Lair:5)
  4 elephants
  4 cane toads
  A rime drake (Lair:2)
  2 komodo dragons
  A troll (D:10)
  5 blink frogs (Lair:5)
  A dream sheep (Lair:3)
  A wraith (D:11)
  2 ynoxinuls (Lair:5)
  2 vampires
  A shadow (D:11)
  10 yaks
  A spriggan (Lair:5)
  2 wyverns
  A basilisk (Lair:5)
  A fire bat (Volcano)
  A steam dragon (D:7)
  4 water moccasins
  3 wolves
  2 small abominations (Lair:5)
  A kobold brigand (D:9)
  A bullfrog (Lair:4)
  An earth elemental (Volcano)
  Dowan (D:5)
  A killer bee (D:10)
  A troll zombie (D:9)
  2 lava snakes (Volcano)
  A jelly (D:4)
  Terence (D:3)
  An orc wizard (D:10)
  A hell rat (Lair:5)
  An ogre zombie (D:9)
  An adder (D:4)
  15 orcs
  A hobgoblin (D:7)
  6 kobolds
  A quokka (D:4)
  A goblin skeleton (D:9)
  A kobold zombie (Sewer)
  5 orc zombies (D:9)
97 creatures vanquished.

Vanquished Creatures (others)
  Harold (D:10)
  2 two-headed ogres
  A queen bee (D:10)
  3 yaks (Lair:1)
  An ice beast (D:8)
  3 orc warriors
  A centaur (D:9)
  A kobold brigand (D:8)
  4 wights
  18 killer bees
  A troll zombie (D:9)
  An orc wizard (D:9)
  3 ogre zombies (D:9)
  6 orcs
  2 goblin zombies (D:9)
  An orc skeleton (D:9)
  7 orc zombies (D:9)
  19 fungi
  78 plants
  5 withered plants
158 creatures vanquished.

Grand Total: 690 creatures vanquished

Notes
Turn   | Place    | Note
-------+----------+-------------------------------------------
     0 | D:1      | purpskrrrp the Troll Summoner began the quest for the Orb.
     0 | D:1      | Reached XP level 1. HP: 16/16 MP: 1/1
   459 | D:1      | Reached XP level 2. HP: 16/24 MP: 2/2
   607 | D:2      | Reached skill level 1 in Unarmed Combat
   936 | D:2      | Found a snail-covered altar of Cheibriados.
  1183 | D:2      | Became a worshipper of Cheibriados the Contemplative
  1187 | D:2      | Learned a level 2 spell: Call Imp
  1255 | D:3      | Reached XP level 3. HP: 32/32 MP: 4/4
  1375 | D:3      | Found a glowing drain.
  1379 | Sewer    | Entered a sewer
  1490 | Sewer    | Reached * piety under Cheibriados
  1491 | Sewer    | Reached skill level 2 in Unarmed Combat
  1502 | Sewer    | Reached XP level 4. HP: 38/40 MP: 3/5
  1531 | Sewer    | Reached skill level 1 in Fighting
  1545 | Sewer    | Reached XP level 5. HP: 48/48 MP: 6/6
  1551 | Sewer    | Found an ancient bone altar of Kikubaaqudgha.
  1568 | Sewer    | Reached skill level 3 in Unarmed Combat
  1598 | Sewer    | Noticed Grinder
  1626 | Sewer    | Killed Grinder
  1626 | Sewer    | Reached ** piety under Cheibriados
  1627 | Sewer    | Reached XP level 6. HP: 25/57 MP: 2/8
  1713 | Sewer    | Reached skill level 4 in Unarmed Combat
  1713 | Sewer    | Reached XP level 7. HP: 27/65 MP: 7/9
  2348 | D:3      | Found a sparkling altar of Nemelex Xobeh.
  2371 | D:3      | Noticed Terence
  2381 | D:3      | Killed Terence
  2656 | D:4      | Noticed Blork the orc
  2844 | D:4      | Found a white marble altar of Elyvilon.
  2906 | D:4      | Reached *** piety under Cheibriados
  3138 | D:4      | Found a runed translucent door.
  3139 | D:4      | Noticed Crazy Yiuf
  3240 | D:4      | Found an ornate altar of the Wu Jian Council.
  3240 | D:4      | Found a shadowy altar of Dithmenos.
  3323 | D:4      | Killed Crazy Yiuf
  3372 | D:5      | Entered Level 5 of the Dungeon
  3388 | D:5      | Reached skill level 5 in Unarmed Combat
  3393 | D:5      | Learned a level 3 spell: Call Canine Familiar
  3510 | D:5      | Reached XP level 8. HP: 50/74 MP: 10/10
  3722 | D:5      | Noticed Dowan
  3723 | D:5      | Noticed Duvessa
  3736 | D:5      | Killed Duvessa
  3736 | D:5      | HP: 3/75 [Dowan/shard of ice (9)]
  3737 | D:5      | Reached skill level 6 in Unarmed Combat
  3742 | D:5      | Killed Dowan
  3832 | D:5      | Reached **** piety under Cheibriados
  3854 | D:5      | Found a runed translucent gate.
  3854 | D:5      | Found a runed translucent gate.
  3855 | D:5      | Found a runed translucent gate.
  3925 | D:5      | Noticed Ijyb
  3948 | D:5      | Killed Ijyb
  4017 | D:5      | Noticed bande's ghost (novice GrFi)
  4019 | D:5      | Found a basalt altar of Yredelemnul.
  4590 | D:5      | Identified 3 scrolls of acquirement
  4590 | D:5      | Acquired the ring "Lungiom" {Wiz rN+}
  4597 | D:5      | Acquired the ring of Sol Ufin {rElec Str+6}
  4601 | D:5      | Acquired a +4 ring of slaying
  4609 | D:5      | Learned a level 3 spell: Summon Guardian Golem
  4670 | D:5      | Reached XP level 9. HP: 57/84 MP: 3/12
  4672 | D:5      | Killed bande's ghost
  4673 | D:5      | Reached skill level 7 in Unarmed Combat
  4800 | D:6      | Reached ***** piety under Cheibriados
  5186 | D:6      | Reached skill level 5 in Summonings
  5530 | D:6      | Reached skill level 8 in Unarmed Combat
  5907 | D:7      | Reached skill level 5 in Dodging
  6248 | D:7      | Found a radiant altar of Vehumet.
  6306 | D:7      | Reached XP level 10. HP: 94/94 MP: 14/14
  6473 | D:7      | Found a staircase to the Ecumenical Temple.
  6841 | D:8      | Found a hazy altar of Hepliaklqana.
  6844 | D:8      | Found a snail-covered altar of Cheibriados.
  6847 | D:8      | Found a stormy altar of Qazlal.
  6850 | D:8      | Found a blossoming altar of Fedhas.
  6879 | D:8      | Noticed a deep elf pyromancer
  6942 | D:8      | Killed a deep elf pyromancer
  6943 | D:8      | Reached skill level 5 in Fighting
  6943 | D:8      | Reached skill level 9 in Unarmed Combat
  7051 | D:8      | Noticed a two-headed ogre
  7143 | D:7      | Killed a two-headed ogre
  7143 | D:7      | Reached ****** piety under Cheibriados
  7275 | D:8      | Got the Quarto of the Unstable Caves
  7425 | D:9      | Noticed a two-headed ogre
  7432 | D:9      | Killed a two-headed ogre
  7576 | D:9      | Reached skill level 10 in Unarmed Combat
  7576 | D:9      | Reached XP level 11. HP: 90/105 MP: 13/16
  7649 | D:9      | Found a staircase to the Orcish Mines.
  7992 | D:9      | Found an iron altar of Okawaru.
  8241 | D:10     | Entered Level 10 of the Dungeon
  8324 | D:10     | Noticed Maggie
  8331 | D:10     | Killed Maggie
  8806 | D:10     | Identified the amulet of Skepticism {Acrobat rF+ rC++
                  | rCorr}
  8968 | D:10     | Noticed a skeletal warrior
  8968 | D:10     | Found the +5 scythe "Finisher" {speed, eviscerate}
  9048 | D:10     | Noticed Harold
  9050 | D:10     | Noticed a boulder beetle
  9069 | D:10     | Killed Harold
  9070 | D:10     | Killed a boulder beetle
  9179 | D:10     | Killed a skeletal warrior
  9396 | D:10     | Reached skill level 11 in Unarmed Combat
  9396 | D:10     | Reached skill level 5 in Spellcasting
  9924 | D:10     | Learned a level 4 spell: Summon Lightning Spire
 10138 | D:11     | Found a staircase to the Lair.
 10216 | D:11     | Noticed a two-headed ogre
 10230 | D:11     | Killed a two-headed ogre
 10336 | D:11     | Reached XP level 12. HP: 55/115 MP: 10/18
 10474 | D:11     | Found a runed translucent gate.
 10474 | D:11     | Found a runed translucent gate.
 10475 | D:11     | Found a runed translucent gate.
 10478 | D:11     | Noticed a minotaur
 10479 | D:11     | Noticed purpskrrrp's ghost (journeyman TrFi)
 10965 | D:12     | You fall into a shaft and drop 1 floor!
 11091 | D:13     | Noticed a tengu warrior
 11137 | D:13     | Noticed a centaur warrior
 11142 | D:13     | Killed a centaur warrior
 11628 | D:12     | Noticed a boulder beetle
 11642 | D:12     | Reached skill level 12 in Unarmed Combat
 11693 | D:12     | Killed a boulder beetle
 12381 | Lair:1   | Entered Level 1 of the Lair of Beasts
 13746 | Lair:2   | Noticed a boulder beetle
 13761 | Lair:2   | Killed a boulder beetle
 13812 | Lair:2   | Identified the +0 robe of the Hunter {rPois Dex+4}
 13824 | Lair:2   | Found a dark tunnel.
 13832 | Volcano  | Entered a volcano
 14286 | Volcano  | Found a burning altar of Makhleb.
 14506 | Volcano  | Noticed a stone giant
 14518 | Volcano  | Killed a stone giant
 14519 | Volcano  | Reached skill level 13 in Unarmed Combat
 14519 | Volcano  | Reached XP level 13. HP: 126/126 MP: 7/20
 15442 | Lair:2   | Found a hole to the Spider Nest.
 15856 | Lair:3   | Found a staircase to the Shoals.
 15902 | Lair:3   | Identified the +1 scale mail of Dithmenos, Telling {-Cast
                  | rPois rCorr Stlth+}
 16422 | Lair:3   | Acquired a staff of conjuration
 16430 | Lair:3   | Learned a level 6 spell: Summon Cactus Giant
 16966 | Lair:4   | Reached skill level 14 in Unarmed Combat
 17724 | Lair:4   | Gained mutation: You are weak. (Str -2) [potion of
                  | mutation]
 17724 | Lair:4   | Gained mutation: Your movements are slightly less
                  | encumbered by armour. (ER -2) [potion of mutation]
 17724 | Lair:4   | Gained mutation: You have sharp toenails. [potion of
                  | mutation]
 17729 | Lair:5   | Entered Level 5 of the Lair of Beasts
 17729 | Lair:5   | Noticed Urug
 17734 | Lair:5   | Killed Urug
 17872 | Lair:5   | Reached XP level 14. HP: 137/137 MP: 17/23
 18235 | Lair:5   | Identified the +6 quarterstaff of Xom {venom, rElec Dex+4}
 18434 | Lair:5   | Reached skill level 15 in Unarmed Combat
 18696 | Lair:5   | Noticed Rupert
 18699 | Lair:5   | Paralysed by Rupert for 3 turns
 18712 | Lair:5   | HP: 5/205 [Rupert/+4 battleaxe of flaming (6)]
 18714 | Lair:5   | Demolished by Rupert

Illustrated notes

Levels and vault maps discovered:
D:1:      dpeg_arrival_connections, layout_basic
D:2:      layout_basic, minmay_hexomino_r4
D:3:      layout_loops_corners, nemelex_dance_club_becter, gup_sewer_entry_bowl,
          uniq_terence
D:4:      layout_gridville, gammafunk_temple_overflow_pools,
          nicolae_elyvilon_peaceful_grove, uniq_crazy_yiuf_cottage,
          uniq_blork_the_orc, uniq_grinder
D:5:      corexii_shack_village, layout_basic, yredelemnul_altar_generic,
          gammafunk_ghost_necromancy, uniq_duvessa, uniq_ijyb
D:6:      layout_basic, serial_undead, serial_undead_d, serial_undead_f,
          serial_undead_a, serial_undead_e, serial_undead_f, serial_undead_c
D:7:      nicolae_cairo_tiling_large_dashed, layout_loops_ring,
          vehumet_altar_wand_db, temple_green
D:8:      layout_gridville, grunt_temple_overflow_cloverleaf, grunt_potential
D:9:      layout_long_grid, okawaru_trees_1, zombieorc2_lemuel
D:10:     layout_roguey [special_room_orc], serial_bayou, serial_bayou_crossing,
          serial_bayou_lake_a, serial_bayou_lagoon_a, serial_bayou_pond_e,
          special_room [special_room_bee], minmay_guarded_unrand_finisher,
          uniq_harold, uniq_maggie
D:11:     layout_roguey, grunt_lair_entry_orc_guard_hut,
          maelrawn_ghost_gauntlet_escape
D:12:     layout_grid_maze
D:13:     layout_grid_maze, erik_vaults_2, minmay_fractal_squares_diagonal_5,
          uniq_nessos, uniq_maurice, uniq_sonja
Lair:1:   layout_small_grid, wad_woods_road_02, grunt_megastairs_3,
          serial_bayou_shore_a
Lair:2:   statuecave_lemuel, layout_cave_pods, spider_nest_entry_a,
          nicolae_volcano_entry_hallway
Lair:3:   wad_woods_settlement, layout_chaotic_city, shoals_dummy_entry,
          chequers_serial_rivers_large_b
Lair:4:   layout_small_grid, infiniplex_staircase_pool, grunt_megastairs_2
Lair:5:   hellmonk_lair_end_abyssal_woods, layout_misc_corridors, slime_entry_2,
          special_room [special_room_mythical_zoo], lemuel_fruit_fields,
          infiniplex_staircase_pool_2, lemuel_fruit_tree, lemuel_fruit_fields,
          uniq_urug, uniq_rupert

Skill      XL: |  1  2  3  4  5  6  7  8  9 10 11 12 13 14 |
---------------+-------------------------------------------+-----
Summonings     | 3 4 5 6 7 8 |  8.8
Unarmed Combat | 1 2 3 4 5 6 8 10 11 13 14 15 | 15.0
Dodging        | 2 3 4 5 6 7 8 9 |  9.1
Fighting       | 1 2 3 4 5 6 7 8 |  8.9
Spellcasting   | 2 3 4 5 6 7 |  7.0
Stealth        | |  1.0

Action                   |  1- 3 |  4- 6 |  7- 9 | 10-12 | 13-15 || total
-------------------------+-------+-------+-------+-------+-------++-------
Melee: Unarmed           |   106 |    75 |   317 |   390 |   332 ||  1220
       Punch             |     1 |     1 |     6 |    22 |    44 ||    74
       Kick              |       |       |       |       |    54 ||    54
 Cast: Call Imp          |     2 |     2 |    18 |       |       ||    22
       Summon Small Mamm |       |       |     8 |       |       ||     8
       Summon Guardian G |       |       |     2 |    43 |     3 ||    48
       Call Canine Famil |       |       |    15 |    56 |    19 ||    90
       Summon Lightning  |       |       |       |    42 |    27 ||    69
       Summon Cactus Gia |       |       |       |       |    13 ||    13
Evoke: Wand              |       |       |       |     4 |       ||     4
  Use: Scroll            |       |       |    13 |    21 |    11 ||    45
       Potion            |       |       |     2 |     1 |     7 ||    10
 Stab: Sleeping          |       |       |     8 |     3 |     2 ||    13
       Distracted        |       |       |     3 |     5 |     8 ||    16
Armor: Robe              |    51 |    30 |    82 |    65 |       ||   228
       Troll leather arm |       |       |       |    18 |    69 ||    87
Dodge: Dodged            |    66 |    68 |   190 |   358 |   334 ||  1016

Table legend: (Time is in decaauts)
 A = Elapsed time spent in this place.
 B = Non-inter-level travel time spent in this place.
 C = Inter-level travel time spent in this place.
 D = Time resting spent in this place.
 E = Time spent auto-exploring this place.
 F = Levels seen in this place.
 G = Mean time per level.
                   A        B        C        D        E       F      G
               +--------+--------+--------+--------+--------+-----+--------+
         Total |  28808 |  27322 |   1486 |   1484 |  20043 |  20 | 1440.4 |
       Dungeon |  17834 |  16814 |   1020 |    951 |  12530 |  13 | 1371.8 |
          Lair |   9062 |   8597 |    465 |    295 |   6989 |   5 | 1812.4 |
         Sewer |    606 |    606 |      0 |      0 |    276 |   1 |  606.0 |
       Volcano |   1304 |   1304 |      0 |    238 |    247 |   1 | 1304.0 |
               +--------+--------+--------+--------+--------+-----+--------+

Top non-repeatable levels by time:
    D:10: 2595 daAuts
  Lair:1: 2481 daAuts
  Lair:3: 2027 daAuts
    D:12: 1996 daAuts
     D:5: 1956 daAuts
     D:6: 1807 daAuts
  Lair:2: 1669 daAuts
    D:11: 1638 daAuts
  Lair:4: 1636 daAuts
     D:7: 1559 daAuts
     D:9: 1488 daAuts
     D:3: 1372 daAuts
 Volcano: 1304 daAuts
  Lair:5: 1247 daAuts
     D:4: 949 daAuts
